Map: Blackpink LE

Players

Elazer - Winner!

  • Race: Zerg Zerg
  • League: Master
  • Spawn Location: 7:00

Zerghamdi

  • Race: Zerg Zerg
  • League: Grandmaster
  • Spawn Location: 1:00

Event: WESG Barcelona European Finals 2017

VOD

Have the link to the VOD?

Description

Time

  • Played on: Nov. 23, 2017, 8:03 a.m.
  • Length: 7:03

All games in this series

Show
View Real Time Build Order
Export as new Build Order

Elazer Zerg - Winner!

Build Orders: Hatch First 

Get SALT Encoding   

  12  0:01  Drone  
  13  0:12  Overlord  
  13  0:16  Drone  
  14  0:30  Drone x2  
  14  0:34  Drone  
  17  0:50  Hatchery  
  17  0:53  Drone  
  17  0:56  Drone  
  18  1:01  Extractor  
  17  1:12  Spawning Pool  
  17  1:14  Drone  
  17  1:18  Drone  
  18  1:28  Drone  
  19  1:39  Overlord  
  19  1:58  Queen  
  19  2:00  Zergling x2  
  19  2:01  Zergling x2, Metabolic Boost  
  23  2:03  Queen  
  23  2:05  Zergling x2  
  26  2:11  Drone  
  26  2:13  Drone  
  28  2:22  Drone  
  29  2:24  Drone  
  30  2:36  Hatchery  
  29  2:38  Zergling x4  
  31  2:45  Overlord  
  31  2:55  Drone x2  
  33  3:03  Drone  
  34  3:06  Drone  
  34  3:12  Drone x3  
  37  3:15  Zergling x2  
  37  3:18  Zergling x6  
  41  3:21  Zergling x2  
  41  3:22  Zergling x2  
  43  3:32  Queen, Roach Warren  
  43  3:33  Overlord  
  42  3:44  Zergling x4  
  44  3:52  Drone x2  
  44  3:53  Drone x2  
  44  3:54  Overlord  
  43  4:12  Roach  
  43  4:13  Roach x3, Extractor  
  50  4:18  Roach  
  50  4:19  Zergling x8  
  50  4:23  Queen  
  57  4:26  Overlord  
  57  4:27  Roach  
  60  4:31  Zergling x6  
  60  4:36  Roach  
  63  4:47  Roach  
  63  4:49  Zergling x2  
  63  4:50  Zergling x8  
  70  4:59  Zergling x6, Roach x2  
  71  5:06  Zergling x4, Roach  
  60  5:10  Zergling x4  
  59  5:19  Roach x2  
  63  5:22  Roach x2  
  63  5:27  Roach  
  68  5:31  Roach  
  68  5:35  Roach  
  71  5:38  Zergling x2  
  71  5:39  Zergling x4  
  70  5:58  Zergling x4  
  70  6:01  Zergling x4  
  72  6:09  Zergling x2  
  72  6:10  Zergling x4  
  72  6:11  Overlord  
  67  6:18  Overlord  
  67  6:23  Zergling x2  
  67  6:24  Zergling x4  
  65  6:31  Zergling x6  
  68  6:36  Zergling x2  
  69  6:41  Zergling x4  
  69  6:43  Ravager  
Show
View Real Time Build Order
Export as new Build Order

Zerghamdi Zerg 

Build Orders: Hatch First, Zergling Baneling 

Get SALT Encoding   

  12  0:00  Drone  
  13  0:13  Overlord  
  13  0:17  Drone  
  14  0:31  Drone x2  
  14  0:35  Drone  
  17  0:52  Hatchery  
  17  0:55  Drone  
  17  0:58  Drone  
  18  1:11  Extractor  
  17  1:13  Spawning Pool  
  17  1:16  Drone  
  17  1:20  Drone  
  18  1:28  Drone  
  19  1:39  Overlord  
  19  2:00  Zergling x4, Queen  
  23  2:04  Queen  
  23  2:06  Drone  
  26  2:11  Drone  
  26  2:12  Metabolic Boost  
  26  2:15  Drone  
  29  2:22  Drone  
  29  2:28  Drone  
  30  2:36  Hatchery  
  29  2:39  Drone  
  29  2:42  Drone  
  31  2:48  Baneling Nest  
  31  2:51  Zergling x2  
  31  2:55  Zergling x2  
  32  2:59  Zergling x2  
  32  3:02  Zergling x2  
  33  3:06  Zergling x2  
  33  3:11  Zergling x2  
  33  3:12  Zergling x2  
  36  3:14  Overlord  
  36  3:19  Overlord  
  35  3:20  Zergling x2  
  35  3:24  Zergling x2  
  35  3:32  Zergling x2  
  35  3:33  Zergling x6  
  39  3:38  Zergling x2  
  38  3:41  Baneling x2  
  38  3:44  Zergling x2  
  38  3:46  Baneling  
  38  3:47  Baneling  
  39  3:48  Zergling x2  
  39  3:49  Zergling x4  
  39  3:51  Zergling x6  
  39  3:55  Zergling x2  
  43  4:07  Zergling x6  
  43  4:16  Zergling x6  
  46  4:17  Zergling x2  
  46  4:21  Zergling x8  
  46  4:23  Zergling x2  
  51  4:24  Baneling  
  51  4:28  Baneling x3  
  51  4:31  Zergling x2  
  52  4:34  Zergling x2  
  50  4:43  Zergling x4  
  50  4:44  Zergling x4  
  52  4:51  Zergling x4  
  54  4:58  Zergling x8  
  49  5:02  Zergling x2  
  49  5:03  Zergling x2  
  49  5:06  Zergling x2  
  47  5:12  Zergling x2  
  46  5:19  Zergling x4, Roach Warren  
  47  5:21  Baneling x2  
  47  5:22  Baneling  
  47  5:24  Zergling x2  
  48  5:32  Drone x3  
  51  5:39  Baneling x3  
  51  5:49  Overlord x2  
  49  5:52  Baneling  
  49  5:53  Baneling, Zergling x2  
  49  5:54  Zergling x6  
  47  5:58  Zergling x2  
  47  6:00  Drone x2  
  47  6:02  Zergling x2  
  47  6:03  Zergling x2  
  48  6:06  Zergling x2  
  47  6:13  Zergling x2  
  47  6:16  Zergling x2  
  35  6:28  Zergling x6  
  35  6:31  Zergling x4  
  38  6:37  Zergling x2  
  41  6:40  Zergling x2  
  41  6:43  Baneling  
Tags
 
Add a new tag
Caveats
  • Supply blocks, unpowered buildings, or Contaminate may cause inaccurate times.
  • Supply counts are checked every 10 seconds.